 Dungeon Crawl Stone Soup version 0.24-a0-520-g8fd06ad0bc (webtiles) character file.

Game seed: 8846086362451892999

632 Froggeryz the Cleaver (level 7, -10/96 HPs)
             Began as a Minotaur Berserker on July 27, 2019.
             Was a Priest of Trog.
             Killed from afar by Mithandil's ghost (24 damage)
             ... with a spray of energy
             ... on level 5 of the Dungeon.
             The game lasted 00:04:27 (3026 turns).

Froggeryz the Cleaver (Minotaur Berserker)          Turns: 3026, Time: 00:04:28

Health: -10/96     AC: 23    Str: 23    XL:     7   Next: 24%
Magic:  6/6        EV:  2    Int:  4    God:    Trog [***...]
Gold:   228        SH:  0    Dex: 10    Spells: 6/6 levels left

rFire    . . .     SeeInvis .   a - +0 hand axe
rCold    . . .     Gourm    .   (no shield)
rNeg     + + +     Faith    .   (armour currently unavailable)
rPois    +         Spirit   .   (helmet currently unavailable)
rElec    .         Reflect  .   (cloak currently unavailable)
rCorr    .         Harm     .   (gloves currently unavailable)
MR       .....     NoTele   +   (boots currently unavailable)
Stlth    +.........             (no amulet)
HPRegen  0.26/turn              j - ring of flight
MPRegen  0.10/turn              (no ring)

@: tree-form, berserk cooldown, slowed, very slow
A: (retaliatory headbutt)
a: Berserk, Trog's Hand, Renounce Religion


You were on level 5 of the Dungeon.
You worshipped Trog.
Trog was most pleased with you.
You were hungry.
You were a tree.
You visited 1 branch of the dungeon, and saw 5 of its levels.

You collected 280 gold pieces.
You spent 52 gold pieces at shops.

Inventory:

Hand Weapons
 a - a +0 hand axe (weapon)
Missiles
 f - 28 poisoned darts (quivered)
Armour
 e - a +3 ring mail (melded)
Jewellery
 j - a ring of flight (left branch)
Wands
 i - a wand of flame (5)
Scrolls
 b - 3 scrolls of amnesia {unknown}
 d - 5 scrolls of identify {unknown}
 m - a scroll of fog {unknown}
 n - a scroll of noise {unknown}
 p - 2 scrolls of enchant weapon {unknown}
 q - a scroll of enchant armour {unknown}
 r - 2 scrolls of blinking {unknown}
 s - a scroll of magic mapping {unknown}
 t - a scroll of teleportation {unknown}
 u - a scroll of remove curse {unknown}
Potions
 g - a potion of lignification
 h - a potion of curing
 k - 3 potions of flight {unknown}
 l - 2 potions of brilliance {unknown}
 o - a potion of mutation {unknown}
Comestibles
 c - 11 rations


   Skills:
 + Level 6.5 Fighting
 * Level 8.5 Axes
 - Level 2.4 Armour
 - Level 2.1 Dodging


You had 6 spell levels left.
You didn't know any spells.
Your spell library was empty.

Dungeon Overview and Level Annotations

Branches:
Dungeon (5/15)
 Temple: D:4-7

Altars:
Fedhas
Gozag
Sif Muna
Zin
The Shining One

Shops:
D:4 !

Annotations:
D:5 Mithandil's ghost, novice DECj


Innate Abilities, Weirdness & Mutations

((You reflexively headbutt those who attack you in melee.))
((You have a pair of horns on your head.))


Message History

Mithandil's ghost hits you but does no damage.
You bump into the translucent stone wall.
Mithandil's ghost closely misses you.
Mithandil's ghost hits you but does no damage.
Mithandil's ghost barely misses you.
You hit Mithandil's ghost. Your headbutt misses Mithandil's ghost.
Mithandil's ghost is severely damaged.
Mithandil's ghost hits you!
* * * LOW HITPOINT WARNING * * *
Mithandil's ghost gestures at you while chanting.
The spray of energy misses you.
You feel less confused.
Mithandil's ghost points at you and mumbles some strange words.
The magic dart hits you!
* * * LOW HITPOINT WARNING * * *
It was a potion of lignification.
You turn into a tree.
Your +3 ring mail melds into your body.
Your roots penetrate the ground.
Mithandil's ghost casts a spell at you. The spray of energy hits you!!
You die...

..........#
$.........#
##........###
.....#......# ####
...##..####.####..#
.........#####..##...#
.....#........†......#
.........#..........##
.....#...#.#...#♣...#
.....#.....#..##W#.##
........#.....#...^#
.............###'###
..............#.$.#
..............#♣8♣#
..............######
...................##
#...#.........#.....#


You could see Mithandil's ghost.

Vanquished Creatures
  An ice beast (D:5)
  A centaur (D:5)
  A hound (D:5)
  2 orc priests (D:4)
  An orc wizard (D:4)
  A bullfrog skeleton (D:5)
  Terence (D:3)
  2 worker ants (D:4)
  A hound skeleton (D:2)
  A mummy (D:4)
  8 adders
  3 oozes
  3 worms
  2 dart slugs
  4 leopard geckos
  19 orcs
  3 giant cockroaches
  4 goblins
  10 hobgoblins
  4 jackals (D:3)
  A quokka (D:2)
  3 ball pythons
  10 bats
  3 frilled lizards
  A giant cockroach zombie (D:5)
  2 hobgoblin zombies (D:4)
  6 kobolds
  2 kobold zombies (D:4)
  A leopard gecko skeleton (D:4)
  10 rats
111 creatures vanquished.

Notes
Turn   | Place    | Note
-------+----------+-------------------------------------------
     0 | D:1      | Froggeryz the Minotaur Berserker began the quest for the
                  | Orb.
     0 | D:1      | Reached XP level 1. HP: 19/19 MP: 0/0
   231 | D:1      | Reached skill level 4 in Axes
   260 | D:1      | Reached XP level 2. HP: 26/27 MP: 1/1
   844 | D:2      | Found a blossoming altar of Fedhas.
   884 | D:2      | Reached XP level 3. HP: 33/33 MP: 2/2
   898 | D:2      | Reached skill level 5 in Axes
   918 | D:2      | Reached ** piety under Trog
   947 | D:2      | Reached XP level 4. HP: 33/41 MP: 3/3
  1034 | D:2      | Found a deep blue altar of Sif Muna.
  1237 | D:2      | Found an opulent altar of Gozag.
  1245 | D:2      | Found a glowing silver altar of Zin.
  1404 | D:3      | Noticed Terence
  1412 | D:3      | Killed Terence
  1417 | D:3      | Reached skill level 6 in Axes
  1417 | D:3      | Reached XP level 5. HP: 45/47 MP: 4/4
  1424 | D:3      | Reached skill level 5 in Fighting
  1673 | D:3      | Reached *** piety under Trog
  1790 | D:3      | Found a faded altar of an unknown god.
  1973 | D:4      | Found Xata's Distillery.
  1975 | D:4      | Bought a potion of degeneration for 13 gold pieces
  2010 | D:4      | Bought a potion of curing for 39 gold pieces
  2209 | D:4      | Reached XP level 6. HP: 42/56 MP: 5/5
  2274 | D:4      | Reached skill level 7 in Axes
  2470 | D:4      | Found a glowing golden altar of the Shining One.
  2650 | D:5      | Entered Level 5 of the Dungeon
  2655 | D:5      | Noticed an ice beast
  2667 | D:5      | Killed an ice beast
  2667 | D:5      | Reached skill level 8 in Axes
  2669 | D:5      | Reached XP level 7. HP: 24/63 MP: 6/6
  2964 | D:5      | Found a runed translucent door.
  2964 | D:5      | Noticed Mithandil's ghost (novice DECj)
  3026 | D:5      | Killed from afar by Mithandil's ghost

Levels and vault maps discovered:
D:1:      minmay_arrival_loop, layout_basic, serial_forest,
          infiniplex_forest_straight_2, infiniplex_forest_clump_C,
          infiniplex_forest_lined_corner, infiniplex_forest_clump_curved,
          infiniplex_forest_zigzag_1, infiniplex_forest_end_2,
          infiniplex_forest_clump_C, infiniplex_forest_straight_5,
          infiniplex_forest_end_double, infiniplex_forest_clump_small
D:2:      layout_rooms, grunt_temple_overflow_gold_and_silver,
          overflow_temple_1_default, lemuel_blue_sif_altar, eino_tiny_chamber,
          minmay_split_cup_small
D:3:      layout_basic, chequers_ecumenical_altar_grove, uniq_terence
D:4:      layout_cave_pools, overflow_temple_1_default, first_ration,
          serial_shops, shop, st_stairs_4, minmay_mini_ossuary
D:5:      layout_rooms, minmay_temple_entry_statues_pillars,
          gammafunk_ghost_grave

Skill      XL: |  1  2  3  4  5  6 |
---------------+-------------------+-----
Axes           | 4 5 6 8 |  8.5
Fighting       | 4 5 6 |  6.5
Armour         | |  2.4
Dodging        | |  2.1

Action                   |  1- 3 |  4- 6 |  7- 9 || total
-------------------------+-------+-------+-------++-------
Melee: Hand axe          |    57 |   166 |    21 ||   244
       Headbutt          |     8 |    29 |       ||    37
Invok: Berserk           |       |     2 |     1 ||     3
  Use: Potion            |       |       |     2 ||     2
 Stab: Sleeping          |     1 |       |       ||     1
  Eat: Chunk             |       |     7 |     2 ||     9
Armor: Animal skin       |     2 |       |       ||     2
       Ring mail         |    21 |    57 |     4 ||    82
Dodge: Dodged            |    31 |    82 |    10 ||   123

Table legend:
 A = Non-vault XP
 B = Vault XP
 C = Vault XP percentage of total XP
 D = Non-vault monster count
 E = Vault monster count
 F = Vault count percentage of total count
                 A         B        C        D         E       F
            +---------+---------+-------+---------+---------+-------
      Total |     827 |      77 |   8.5 |     101 |      10 |   9.0
            +---------+---------+-------+---------+---------+-------
        D:1 |      27 |       0 |   0.0 |      13 |       0 |   0.0
        D:2 |      79 |      16 |  16.8 |      24 |       3 |  11.1
        D:3 |     118 |      36 |  23.4 |      33 |       1 |   2.9
        D:4 |     232 |      25 |   9.7 |      21 |       6 |  22.2
        D:5 |     371 |       0 |   0.0 |      10 |       0 |   0.0
            +---------+---------+-------+---------+---------+-------
